[ AOE2 MATCH · #507345160 ]
UnrankedWei vs Koreans
Player's team · LOSS
Rival team · WIN
[ REPLAY ANALYSIS · EXTRACTED FROM THE RECORDED GAME ]
Feudal
9:43
Castle
20:36
Imperial
35:04
| APM avg | 32.7 |
| APM peak | 69 |
| eAPM avg | 14.4 |
| Villagers / military | 73 / 10 |
Focus
⚔️ 28.6% · 🌾 71.4%
Unknown (1944) ×13 · Battering Ram ×6 · Unknown (1942) ×6 · Unknown (1949) ×4 · Militia ×3 · Scout Cavalry ×1
Feudal
8:50
Castle
23:33
Imperial
39:42
| APM avg | 32.7 |
| APM peak | 98 |
| eAPM avg | 21.1 |
| Villagers / military | 125 / 33 |
Focus
⚔️ 24.1% · 🌾 75.9%
Archer ×25 · War Wagon ×4 · Iron Pagoda ×2 · Trebuchet (Packed) ×2
Match map
Initial resources + every placement click. Lines = walls · curves = elevation contours. ◆ gold · ⬟ stone · ● berries · ✦ relic · ◌ wall gap
Your base· Open — unwalled flank
Post Nut Clarity's base· ✓ Closed at 23:33 · 70t walls · 3 gate(s)
Smoothed initial terrain · ◌ = detected wall gap · hover for details
Inputs per minute
— Ager - - Post Nut Clarity
Build order — Ager
First 150 of 194 actions detected
| 0:00 | Queue | Villager (Male) |
| 0:01 | Queue | Villager (Male) |
| 0:01 | Queue | Villager (Male) |
| 0:01 | Queue | Villager (Male) |
| 0:02 | Build | House |
| 0:04 | Build | House |
| 1:27 | Queue | Villager (Male) |
| 1:53 | Build | Lumber Camp |
| 2:00 | Queue | Villager (Male) |
| 2:24 | Queue | Villager (Male) |
| 2:57 | Queue | Villager (Male) |
| 3:20 | Queue | Villager (Male) |
| 3:48 | Queue | Villager (Male) |
| 4:06 | Queue | Villager (Male) |
| 4:14 | Build | House |
| 4:37 | Queue | Villager (Male) |
| 4:44 | Build | Mill |
| 4:58 | Queue | Villager (Male) |
| 5:33 | Queue | Villager (Male) |
| 5:34 | Queue | Villager (Male) |
| 6:13 | Queue | Villager (Male) |
| 6:16 | Research | Loom |
| 6:51 | Build | Barracks |
| 6:51 | Queue | Villager (Male) |
| 6:52 | Queue | Villager (Male) |
| 7:33 | Research | Feudal Age |
| 8:01 | Queue | Militia |
| 8:04 | Build | House |
| 8:05 | Build | House |
| 8:49 | Queue | Militia |
| 8:50 | Queue | Villager (Male) |
| 9:05 | Build | Mining Camp |
| 9:25 | Queue | Villager (Male) |
| 9:26 | Queue | Militia |
| 9:43 | Age | Feudal Age |
| 10:13 | Research | Man-at-Arms (upgrade) |
| 10:33 | Queue | Villager (Male) |
| 10:33 | Queue | Villager (Male) |
| 11:02 | Queue | Villager (Male) |
| 11:36 | Build | Farm |
| 11:36 | Build | Farm |
| 11:37 | Build | Farm |
| 11:37 | Build | Farm |
| 11:38 | Build | Farm |
| 11:49 | Queue | Villager (Male) |
| 12:20 | Build | Farm |
| 12:22 | Queue | Villager (Male) |
| 12:51 | Build | House |
| 12:52 | Queue | Villager (Male) |
| 12:54 | Build | Farm |
| 12:58 | Build | Farm |
| 13:01 | Queue | Villager (Male) |
| 13:10 | Build | Farm |
| 13:15 | Build | Farm |
| 13:28 | Research | Horse Collar |
| 13:44 | Build | Farm |
| 13:49 | Build | Farm |
| 13:52 | Build | House |
| 13:53 | Queue | Villager (Male) |
| 13:55 | Queue | Villager (Male) |
| 13:59 | Build | Farm |
| 14:03 | Build | Farm |
| 14:17 | Research | Double-Bit Axe |
| 14:26 | Build | Farm |
| 14:41 | Queue | Villager (Male) |
| 14:41 | Queue | Villager (Male) |
| 14:56 | Build | Lumber Camp |
| 15:28 | Queue | Villager (Male) |
| 15:54 | Build | Stable |
| 15:58 | Queue | Villager (Male) |
| 16:47 | Build | Watch Tower |
| 17:01 | Build | Stable |
| 17:08 | Build | Blacksmith |
| 17:28 | Build | Palisade Wall |
| 17:56 | Research | Castle Age |
| 18:06 | Build | House |
| 18:35 | Build | Lumber Camp |
| 18:52 | Build | House |
| 20:36 | Age | Castle Age |
| 20:37 | Queue | Unit 1944 |
| 20:37 | Queue | Unit 1944 |
| 20:48 | Build | Siege Workshop |
| 20:58 | Research | Scale Barding Armor |
| 20:59 | Research | Forging |
| 21:06 | Queue | Villager (Male) |
| 21:07 | Queue | Villager (Male) |
| 21:43 | Queue | Battering Ram |
| 22:01 | Build | Mining Camp |
| 22:10 | Queue | Unit 1944 |
| 22:11 | Queue | Unit 1944 |
| 22:20 | Queue | Villager (Male) |
| 22:20 | Queue | Villager (Male) |
| 22:48 | Queue | Villager (Male) |
| 22:59 | Build | House |
| 23:20 | Queue | Villager (Male) |
| 23:30 | Build | Town Center |
| 23:36 | Queue | Villager (Male) |
| 23:44 | Queue | Battering Ram |
| 23:47 | Queue | Unit 1944 |
| 23:47 | Queue | Unit 1944 |
| 23:53 | Build | Stable |
| 23:56 | Queue | Villager (Male) |
| 24:35 | Build | House |
| 24:58 | Queue | Battering Ram |
| 25:01 | Queue | Unit 1944 |
| 25:01 | Queue | Unit 1944 |
| 25:17 | Build | Town Center |
| 25:19 | Queue | Villager (Male) |
| 25:19 | Queue | Villager (Male) |
| 25:47 | Queue | Scout Cavalry |
| 25:52 | Build | Farm |
| 25:54 | Queue | Villager (Male) |
| 25:54 | Queue | Villager (Male) |
| 26:18 | Queue | Unit 1944 |
| 26:21 | Build | House |
| 26:22 | Build | House |
| 26:22 | Build | House |
| 26:31 | Build | Farm |
| 26:33 | Build | Farm |
| 26:34 | Build | Farm |
| 27:15 | Build | Farm |
| 27:17 | Build | Farm |
| 27:19 | Queue | Villager (Male) |
| 27:19 | Queue | Villager (Male) |
| 27:31 | Queue | Villager (Male) |
| 28:30 | Queue | Battering Ram |
| 28:57 | Queue | Villager (Male) |
| 28:57 | Queue | Villager (Male) |
| 29:47 | Queue | Villager (Male) |
| 30:14 | Build | Castle |
| 30:18 | Queue | Villager (Male) |
| 31:51 | Queue | Battering Ram |
| 31:55 | Research | Imperial Age |
| 32:08 | Build | Market |
| 32:42 | Build | Town Center |
| 32:53 | Build | Town Center |
| 33:10 | Queue | Battering Ram |
| 33:56 | Build | Farm |
| 33:57 | Build | Farm |
| 33:57 | Build | Farm |
| 33:57 | Build | Farm |
| 33:58 | Build | Farm |
| 33:58 | Build | Farm |
| 33:58 | Build | Farm |
| 33:58 | Build | Farm |
| 33:59 | Build | Farm |
| 34:04 | Queue | Villager (Male) |
| 34:08 | Queue | Villager (Male) |
| 34:09 | Queue | Villager (Male) |
| 34:11 | Build | Farm |
Build order — Post Nut Clarity
First 150 of 269 actions detected
| 0:00 | Queue | Villager (Male) |
| 0:01 | Build | House |
| 0:02 | Build | House |
| 0:20 | Queue | Villager (Male) |
| 0:20 | Queue | Villager (Male) |
| 0:20 | Queue | Villager (Male) |
| 1:25 | Queue | Villager (Male) |
| 1:50 | Build | Lumber Camp |
| 1:58 | Queue | Villager (Male) |
| 2:29 | Queue | Villager (Male) |
| 2:50 | Queue | Villager (Male) |
| 3:01 | Build | House |
| 3:15 | Queue | Villager (Male) |
| 3:35 | Queue | Villager (Male) |
| 3:51 | Queue | Villager (Male) |
| 4:26 | Queue | Villager (Male) |
| 4:29 | Build | Mill |
| 5:00 | Queue | Villager (Male) |
| 5:00 | Queue | Villager (Male) |
| 5:28 | Queue | Villager (Male) |
| 6:14 | Research | Loom |
| 6:35 | Research | Feudal Age |
| 7:05 | Build | Mining Camp |
| 7:43 | Queue | Villager (Male) |
| 8:07 | Build | House |
| 8:08 | Build | House |
| 8:28 | Queue | Villager (Male) |
| 8:50 | Age | Feudal Age |
| 8:56 | Build | Stone Wall |
| 9:01 | Build | Stone Wall |
| 9:04 | Queue | Villager (Male) |
| 9:06 | Research | Double-Bit Axe |
| 9:13 | Build | Gate |
| 9:22 | Queue | Villager (Male) |
| 9:40 | Build | Stone Wall |
| 9:45 | Build | Stone Wall |
| 9:54 | Queue | Villager (Male) |
| 10:19 | Queue | Villager (Male) |
| 10:39 | Build | Stone Wall |
| 11:21 | Queue | Villager (Male) |
| 11:21 | Queue | Villager (Male) |
| 11:22 | Queue | Villager (Male) |
| 11:47 | Queue | Villager (Male) |
| 11:49 | Queue | Villager (Male) |
| 12:06 | Build | Stone Wall |
| 12:18 | Queue | Villager (Male) |
| 12:24 | Queue | Villager (Male) |
| 12:54 | Build | Lumber Camp |
| 12:56 | Queue | Villager (Male) |
| 13:22 | Build | Stone Wall |
| 13:38 | Build | Farm |
| 13:39 | Build | Farm |
| 13:41 | Build | Farm |
| 13:43 | Build | Farm |
| 13:45 | Build | Farm |
| 13:45 | Queue | Villager (Male) |
| 13:53 | Build | Farm |
| 13:54 | Queue | Villager (Male) |
| 14:02 | Build | Farm |
| 14:25 | Research | Wheelbarrow |
| 14:28 | Build | House |
| 14:28 | Build | House |
| 14:32 | Queue | Villager (Male) |
| 15:24 | Build | House |
| 15:25 | Build | House |
| 15:26 | Build | House |
| 15:28 | Queue | Villager (Male) |
| 15:30 | Build | Farm |
| 15:33 | Queue | Villager (Male) |
| 15:41 | Build | Watch Tower |
| 15:48 | Build | Blacksmith |
| 16:08 | Build | Mining Camp |
| 16:10 | Queue | Villager (Male) |
| 16:18 | Build | Watch Tower |
| 16:32 | Build | Gate |
| 16:35 | Build | Gate |
| 16:45 | Research | Fletching |
| 16:51 | Queue | Villager (Male) |
| 17:04 | Build | Watch Tower |
| 17:20 | Build | Watch Tower |
| 17:26 | Queue | Villager (Male) |
| 17:36 | Build | Market |
| 17:48 | Build | Farm |
| 17:49 | Queue | Villager (Male) |
| 17:57 | Build | Watch Tower |
| 18:14 | Build | Farm |
| 18:15 | Queue | Villager (Male) |
| 18:45 | Build | Watch Tower |
| 18:50 | Build | Farm |
| 18:51 | Queue | Villager (Male) |
| 19:34 | Build | Farm |
| 19:36 | Build | Farm |
| 19:38 | Queue | Villager (Male) |
| 19:38 | Queue | Villager (Male) |
| 19:59 | Build | House |
| 20:10 | Build | Farm |
| 20:13 | Queue | Villager (Male) |
| 20:36 | Build | Mining Camp |
| 20:42 | Research | Castle Age |
| 20:52 | Build | Watch Tower |
| 21:08 | Build | House |
| 21:09 | Build | House |
| 21:10 | Build | House |
| 21:28 | Research | Gold Mining |
| 22:00 | Build | Farm |
| 22:46 | Research | Town Watch |
| 23:05 | Queue | Villager (Male) |
| 23:05 | Queue | Villager (Male) |
| 23:33 | Age | Castle Age |
| 23:39 | Build | Castle |
| 23:47 | Queue | Villager (Male) |
| 23:53 | Build | University |
| 23:58 | Research | Bow Saw |
| 24:30 | Research | Fortified Wall (upgrade) |
| 24:32 | Queue | Villager (Male) |
| 24:58 | Queue | Villager (Male) |
| 25:15 | Build | Town Center |
| 26:00 | Build | Watch Tower |
| 26:16 | Build | Siege Workshop |
| 26:29 | Queue | Villager (Male) |
| 26:30 | Queue | Villager (Male) |
| 26:30 | Queue | Villager (Male) |
| 26:41 | Queue | Iron Pagoda |
| 27:01 | Research | Bodkin Arrow |
| 27:14 | Queue | Iron Pagoda |
| 27:37 | Queue | Villager (Male) |
| 28:02 | Research | Ballistics |
| 28:16 | Queue | Villager (Male) |
| 29:17 | Queue | Villager (Male) |
| 29:18 | Queue | Villager (Male) |
| 29:27 | Queue | Villager (Male) |
| 29:27 | Queue | Villager (Male) |
| 29:40 | Queue | Villager (Male) |
| 30:02 | Build | Castle |
| 30:12 | Queue | War Wagon |
| 30:12 | Queue | War Wagon |
| 30:13 | Queue | Villager (Male) |
| 30:21 | Queue | Villager (Male) |
| 30:38 | Queue | War Wagon |
| 30:43 | Build | Gate |
| 30:56 | Queue | War Wagon |
| 31:29 | Research | Masonry |
| 31:31 | Build | Farm |
| 31:48 | Queue | Villager (Male) |
| 31:49 | Queue | Villager (Male) |
| 32:14 | Queue | Villager (Male) |
| 32:17 | Build | Farm |
| 32:21 | Build | Farm |
| 32:23 | Build | Farm |
| 32:25 | Build | Farm |
Match timeline
| 6:51 | Ager · first_building Barracks |
| 8:50 | Post Nut Clarity · age_up feudal |
| 8:56 | Post Nut Clarity · wall_segment Stone Wall x27 |
| 9:01 | Post Nut Clarity · wall_segment Stone Wall x15 |
| 9:40 | Post Nut Clarity · wall_segment Stone Wall x1 |
| 9:43 | Ager · age_up feudal |
| 9:45 | Post Nut Clarity · wall_segment Stone Wall x10 |
| 10:39 | Post Nut Clarity · wall_segment Stone Wall x5 |
| 12:06 | Post Nut Clarity · wall_segment Stone Wall x10 |
| 13:22 | Post Nut Clarity · wall_segment Stone Wall x4 |
| 15:54 | Ager · first_building Stable |
| 17:28 | Ager · wall_segment Palisade Wall x9 |
| 20:14 | Post Nut Clarity · first_market_sell 100 wood |
| 20:15 | Post Nut Clarity · first_market_buy 100 food |
| 20:36 | Ager · age_up castle |
| 20:48 | Ager · first_building Siege Workshop |
| 23:33 | Post Nut Clarity · age_up castle |
| 23:39 | Post Nut Clarity · first_building Castle |
| 26:16 | Post Nut Clarity · first_building Siege Workshop |
| 30:14 | Ager · first_building Castle |
| 32:38 | Ager · first_market_buy 100 stone |
| 35:04 | Ager · age_up imperial |
| 35:19 | Ager · first_market_sell 100 food |
| 39:42 | Post Nut Clarity · age_up imperial |
| 43:15 | Post Nut Clarity · first_building Barracks |
| 44:16 | Post Nut Clarity · first_building Archery Range |
| 46:45 | Ager · resign |
[ AI ANALYSIS · 1 CREDIT ]
What really happened in this match?
Wolo.gg analyzes every decision: build order, eco, micro, common mistakes by bracket. Personalized analysis on WhatsApp or Discord in 30 seconds.
Civ guide
Wei
Perfil
Jugador #277768